Map: Astillero orbital

Players

Xandros

  • Race: Zerg Zerg

IA (Muy difícil) 1 - Winner!

  • Race: Terran Terran

VOD

Have the link to the VOD?

Description

Time

  • Played on: Nov. 20, 2015, 9:33 a.m.
  • Length: 4:34
Show
View Real Time Build Order
Export as new Build Order

Xandros Zerg 

Build Orders: Pool First 

Get SALT Encoding   

  12  0:02  Drone  
  13  0:09  Drone  
  14  0:15  Extractor  
  14  0:20  Drone  
  15  0:32  Spawning Pool  
  14  0:38  Overlord  
  14  0:58  Drone x3  
  17  1:15  Hatchery  
  16  1:24  Queen  
  18  1:31  Overlord  
  18  1:37  Drone  
  18  1:39  Drone  
  20  1:44  Extractor  
  19  1:56  Zergling x4  
  21  2:06  Roach Warren  
  21  2:08  Queen  
  22  2:15  Drone x2  
  24  2:37  Extractor  
  24  2:38  Drone x2  
  24  2:39  Queen  
  24  2:41  Drone  
  28  3:00  Drone x2  
  28  3:01  Drone  
  28  3:02  Metabolic Boost  
  31  3:17  Drone  
  31  3:18  Baneling Nest  
  31  3:20  Drone x2  
  31  3:21  Drone  
  34  3:31  Queen  
  36  4:00  Overlord x2  
Show
View Real Time Build Order
Export as new Build Order

IA (Muy difícil) 1 Terran - Winner!

Build Orders:  

Get SALT Encoding   

  12  0:00  SCV  
  13  0:13  SCV  
  14  0:19  Supply Depot  
  14  0:25  SCV  
  15  0:40  SCV  
  16  0:43  Barracks  
  16  0:45  Refinery  
  16  0:53  SCV  
  17  1:02  Barracks  
  17  1:05  SCV  
  18  1:17  SCV  
  19  1:31  Marine, Orbital Command  
  20  1:40  Barracks  
  20  1:49  Marine x2  
  22  1:54  Supply Depot  
  22  1:58  SCV  
  23  2:08  Barracks Tech Lab x2  
  23  2:16  SCV  
  24  2:25  Marine x2  
  24  2:27  Concussive Shells, Marine  
  24  2:29  Stimpack  
  27  2:36  Supply Depot  
  27  2:43  Marine x2  
  27  2:44  SCV  
  30  2:45  Marine  
  31  3:02  Supply Depot, Marauder x2  
  31  3:03  Marine  
  36  3:17  SCV  
  37  3:21  Marine  
  37  3:22  Marine  
  37  3:24  Marine  
  37  3:25  Supply Depot  
  40  3:38  Marine  
  40  3:39  Refinery  
  40  3:41  Marauder  
  43  3:42  Marauder  
  45  4:01  SCV  
  46  4:07  Marauder x2  
  46  4:09  Supply Depot  
  50  4:13  SCV  
  49  4:31  Command Center  
Tags
 
Add a new tag
Caveats
  • Supply blocks, unpowered buildings, or Contaminate may cause inaccurate times.
  • Supply counts are checked every 10 seconds.